 Dungeon Sprint DCSS version 0.20-a0-40-gb6e7b4f (webtiles) character file.

1220 esc the Destroyer (level 8, -4/54 HPs)
             Began as a Tengu Fire Elementalist on Nov 11, 2016.
             Was a Follower of Vehumet.
             Slain by a demonic crawler (9 damage)
             ... in the Dungeon (Sprint I: "Red Sonja").
             The game lasted 00:05:40 (916 turns).

esc the Destroyer (Tengu Fire Elementalist)          Turns: 916, Time: 00:05:40

Health: -4/54      AC:  2    Str:  8    XL:     8   Next: 47%
Magic:  10/20      EV: 19    Int: 17    God:    Vehumet [*.....]
Gold:   405        SH:  0    Dex: 16    Spells: 3 memorised, 12 levels left

rFire  . . .     SeeInvis .     h - +0 dagger
rCold  . . .     Gourm    .     a - +0 robe
rNeg   . . .     Faith    .     (no shield)
rPois  .         Spirit   .     (helmet restricted)
rElec  .         Reflect  .     (no cloak)
rCorr  .         Harm     .     (no gloves)
MR     .....     NoTele   +     (boots unavailable)
Stlth  ++........               (no amulet)
                                (no ring)
                                (no ring)

@: no status effects
A: beak, talons 3, able to fly 1
a: Fly, Renounce Religion


You were in the Dungeon.
You worshipped Vehumet.
Vehumet was aware of your devotion.
You were not hungry.

You visited 1 branch You collected 405 gold pieces.

Inventory:

Hand Weapons
 h - a +0 dagger (weapon)
   (You took it off Ijyb in the Dungeon)
 j - a +0 scythe
   (You took it off Sigmund in the Dungeon)
Armour
 a - a +0 robe (worn)
Scrolls
 i - a scroll of blinking {!r}
 k - a scroll of fog {unknown}
 l - a scroll of enchant armour {unknown}
Potions
 d - a potion of curing
 f - a potion of haste
 g - 2 potions of magic
Books
 b - a book of Flames


   Skills:
 + Level 8.2 Fighting
 + Level 9.2 Dodging
 - Level 2.0 Stealth
 + Level 7.7 Spellcasting
 + Level 10.6 Conjurations
 + Level 9.6 Fire Magic


You had 12 spell levels left.
You knew the following spells:

 Your Spells              Type           Power        Failure   Level  Hunger
a - Flame Tongue          Conj/Fire      #####        1%          1    None
f - Fireball              Conj/Fire      #####.....   6%          5    #####..
s - Sticky Flame          Conj/Fire      #####...     1%          4    ###....


Dungeon Overview and Level Annotations

Branches:
Dungeon (1/1)

Altars:
Cheibriados
Dithmenos
Elyvilon
Fedhas
Gozag
Hepliaklqana
Kikubaaqudgha
Makhleb
Nemelex Xobeh
Okawaru
Qazlal
Ru
Sif Muna
Trog
Uskayaw
Vehumet
Xom
Yredelemnul
Zin
The Shining One
Jiyva
Lugonu

Shops:
D !


Innate Abilities, Weirdness & Mutations

You have a beak for a mouth.
You have claws for feet.
You can fly.


Message History

There is an open door here.
Things that are here:
a dagger; a robe; a kobold corpse You butcher the kobold corpse.
There is an open door here.
Items here: % ) [ ÷ a dagger; a robe; 2 inedible chunks of flesh {@w0}; a kobold skeleton You start eating the bread ration {@e1}.
You continue eating. x2
You finish eating.
That bread ration really hit the spot!
Okay, then.
You start resting.
Health restored: 54; MP restored: 20
Okay, then.
You open the door. 4 demonic crawlers come into view.
The demonic crawler gives a hideous shriek! x3
Aim: a demonic crawler (clinging)
The sticky flame hits the demonic crawler.
The demonic crawler resists.
The demonic crawler is covered in liquid flames!
The demonic crawler burns!
The demonic crawler barely misses you. The demonic crawler closely misses you.
The demonic crawler misses you.
You now have 16/20 mp.
The demonic crawler burns!
The demonic crawler misses you. The demonic crawler hits you!
The demonic crawler hits you.
You take 12 damage, and have 42/54 hp.
MASSIVE DAMAGE!!
Aim: a demonic crawler (clinging)
The fireball explodes!
The fireball engulfs the demonic crawler.
The demonic crawler resists.
The fireball engulfs the demonic crawler.
The demonic crawler resists.
The fireball engulfs the demonic crawler.
The demonic crawler resists.
The demonic crawler burns!
The demonic crawler hits you! x2
The demonic crawler completely misses you.
You take 17 damage, and have 25/54 hp.
MASSIVE DAMAGE!!
You now have 11/20 mp.
The demonic crawler burns!
The demonic crawler stops burning.
The demonic crawler closely misses you. The demonic crawler hits you.
The demonic crawler completely misses you.
The demonic crawler misses you. The demonic crawler barely misses you.
The demonic crawler closely misses you.
You take 2 damage, and have 23/54 hp.
There is an open door here.
Items here: % ) [ ÷ a dagger; a robe; 2 inedible chunks of flesh {@w0}; a kobold skeleton
Aim: a demonic crawler (lightly wounded, clinging)
The sticky flame hits the demonic crawler.
The demonic crawler appears unharmed.
The demonic crawler is covered in liquid flames!
The demonic crawler burns!
You now have 8/20 mp.
The demonic crawler hits you. The demonic crawler barely misses you.
The demonic crawler misses you. The demonic crawler closely misses you.
The demonic crawler completely misses you.
The demonic crawler hits you!
* * * LOW HITPOINT WARNING * * *
You take 15 damage, and have 9/54 hp.
MASSIVE DAMAGE!!
The demonic crawler burns!
The demonic crawler closely misses you. The demonic crawler misses you.
The demonic crawler hits you.
* * * LOW HITPOINT WARNING * * *
There is an open door here.
You take 4 damage, and have 5/54 hp.
You feel much better.
The demonic crawler burns!
The demonic crawler misses you. The demonic crawler hits you.
The demonic crawler misses you. x2; The demonic crawler closely misses you.
The demonic crawler completely misses you.
You regained 26 hp, and now have 31/54 hp.
Okay, then.
The demonic crawler burns!
The demonic crawler stops burning.
The demonic crawler hits you. The demonic crawler misses you.
The demonic crawler completely misses you.
You take 6 damage, and have 26/54 hp.
The demonic crawler barely misses you. The demonic crawler hits you. x2
There is an open door here.
You take 5 damage, and have 21/54 hp.
The demonic crawler misses you. The demonic crawler hits you.
The demonic crawler misses you.
There is an open door here.
Okay, then.
Unknown command.
The floor.
The demonic crawler hits you.
* * * LOW HITPOINT WARNING * * *
The demonic crawler hits you!
* * * LOW HITPOINT WARNING * * *
The demonic crawler barely misses you.
You see here a robe.
You take 17 damage, and have 4/54 hp.
MASSIVE DAMAGE!!
There is an open door here.
There is an open door here.
You hit the demonic crawler but do no damage.
The demonic crawler hits you!
You die...

########################
#<.#..'..#s.'..#__#.))..
#..'..#.ss[.#..'..'..#..
#.[#####s#####'#__####..
#..####@.#...#(#### ###
#).#__####..##.#
#..#_____##'#..+
#⌠⌠#_.∩...'..._#
####_..__##_.#'#
#_____###+#.# #######
###


You could see 4 demonic crawlers.

Vanquished Creatures
  2 kobold demonologists (D)
  A slime creature (D)
  Sigmund (D)
  A yak (D)
  A floating eye (D)
  An ogre (D)
  A jelly (D)
  Ijyb (D)
9 creatures vanquished.

Vanquished Creatures (others)
  A gargoyle (D)
1 creature vanquished.

Grand Total: 10 creatures vanquished

Notes
Turn   | Place    | Note
-------+----------+-------------------------------------------
     0 | D        | esc the Tengu Fire Elementalist began the quest for the Orb.
     0 | D        | Reached XP level 1. HP: 10/10 MP: 4/4
     1 | D        | Noticed Ijyb
     9 | D        | HP: 3/15 [Ijyb/dagger (3)]
    13 | D        | Killed Ijyb
    13 | D        | Reached skill level 2 in Fighting
    13 | D        | Reached skill level 3 in Dodging
    13 | D        | Reached skill level 3 in Spellcasting
    13 | D        | Reached skill level 3 in Conjurations
    13 | D        | Reached skill level 4 in Fire Magic
    13 | D        | Reached XP level 2. HP: 5/17 MP: 0/7
    13 | D        | Reached XP level 3. HP: 7/21 MP: 0/8
   230 | D        | Noticed an ogre
   244 | D        | Killed an ogre
   244 | D        | Reached skill level 3 in Fighting
   244 | D        | Reached skill level 4 in Dodging
   244 | D        | Reached skill level 4 in Spellcasting
   244 | D        | Reached skill level 5 in Conjurations
   244 | D        | Reached skill level 5 in Fire Magic
   244 | D        | Reached XP level 4. HP: 13/29 MP: 3/11
   414 | D        | Noticed Sigmund
   421 | D        | Learned a level 4 spell: Sticky Flame
   426 | D        | Killed Sigmund
   426 | D        | Reached skill level 5 in Fighting
   426 | D        | Reached skill level 6 in Dodging
   426 | D        | Reached skill level 5 in Spellcasting
   426 | D        | Reached skill level 7 in Conjurations
   426 | D        | Reached skill level 6 in Fire Magic
   426 | D        | Gained mutation: You can fly. [Tengu growth]
   426 | D        | Reached XP level 5. HP: 30/35 MP: 4/13
   426 | D        | Reached XP level 6. HP: 34/40 MP: 4/15
   523 | D        | Found a deep blue altar of Sif Muna.
   525 | D        | Found a radiant altar of Vehumet.
   528 | D        | Reached skill level 7 in Fire Magic
   540 | D        | Became a worshipper of Vehumet
   557 | D        | Found Ocvazop's Distillery.
   557 | D        | Found an ancient bone altar of Kikubaaqudgha.
   557 | D        | Found a hazy altar of Hepliaklqana.
   557 | D        | Found a stormy altar of Qazlal.
   557 | D        | Found a hide-covered altar of Uskayaw.
   557 | D        | Found a blossoming altar of Fedhas.
   557 | D        | Found a bloodstained altar of Trog.
   557 | D        | Found an iron altar of Okawaru.
   557 | D        | Found a basalt altar of Yredelemnul.
   557 | D        | Found a glowing golden altar of the Shining One.
   557 | D        | Found a snail-covered altar of Cheibriados.
   557 | D        | Found a sacrificial altar of Ru.
   557 | D        | Found a glowing silver altar of Zin.
   557 | D        | Found a shadowy altar of Dithmenos.
   557 | D        | Found a white marble altar of Elyvilon.
   557 | D        | Noticed a yak
   565 | D        | Killed a yak
   565 | D        | Reached skill level 6 in Fighting
   565 | D        | Reached skill level 7 in Dodging
   565 | D        | Reached skill level 6 in Spellcasting
   565 | D        | Reached skill level 8 in Conjurations
   565 | D        | Reached XP level 7. HP: 37/47 MP: 6/17
   570 | D        | Found an opulent altar of Gozag.
   571 | D        | Found a sparkling altar of Nemelex Xobeh.
   649 | D        | Learned a level 5 spell: Fireball
   655 | D        | Found a viscous altar of Jiyva.
   655 | D        | Found a corrupted altar of Lugonu.
   655 | D        | Noticed a slime creature
   657 | D        | Found a burning altar of Makhleb.
   657 | D        | Found a shimmering altar of Xom.
   675 | D        | Killed a slime creature
   675 | D        | Reached skill level 7 in Fighting
   675 | D        | Reached skill level 8 in Dodging
   675 | D        | Reached skill level 9 in Conjurations
   675 | D        | Reached skill level 8 in Fire Magic
   687 | D        | Killed a gargoyle
   761 | D        | Noticed a kobold demonologist
   763 | D        | Noticed a kobold demonologist
   763 | D        | Reached * piety under Vehumet
   763 | D        | Offered knowledge of Freeze by Vehumet.
   764 | D        | Noticed a rust devil
   765 | D        | Noticed a chaos spawn
   765 | D        | Noticed a ynoxinul
   769 | D        | Killed a kobold demonologist
   769 | D        | Reached skill level 7 in Spellcasting
   769 | D        | Reached skill level 10 in Conjurations
   769 | D        | Reached skill level 9 in Fire Magic
   769 | D        | Reached XP level 8. HP: 54/54 MP: 3/20
   774 | D        | Killed a kobold demonologist
   774 | D        | Reached skill level 8 in Fighting
   774 | D        | Reached skill level 9 in Dodging
   894 | D        | Noticed a demonic crawler
   894 | D        | Noticed a demonic crawler
   894 | D        | Noticed a demonic crawler
   894 | D        | Noticed a demonic crawler
   902 | D        | HP: 9/54 [demonic crawler (9)]
   912 | D        | HP: 4/54 [demonic crawler (11)]
   916 | D        | Slain by a demonic crawler

Vault maps used:
D:        dungeon_sprint_1

Skill      XL: |  1  2  3  4  5  6  7  8 |
---------------+-------------------------+-----
Fighting       | 2 3 5 6 7 8 |  8.2
Dodging        | 3 4 6 7 8 9 |  9.2
Spellcasting   | 3 4 5 6 7 |  7.7
Conjurations   | 3 5 7 8 10 | 10.6
Fire Magic     | 4 5 6 7 9 |  9.6
Stealth        | |  2.0

Action                   |  1- 3 |  4- 6 |  7- 9 || total
-------------------------+-------+-------+-------++-------
Melee: Unarmed           |     4 |       |       ||     4
       Kick              |     1 |       |     1 ||     2
       Peck              |     1 |       |       ||     1
       Dagger            |       |       |     7 ||     7
 Cast: Flame Tongue      |     9 |     7 |     3 ||    19
       Sticky Flame      |       |     3 |     8 ||    11
       Fireball          |       |       |     3 ||     3
 Abil: Fly               |       |     1 |       ||     1
  Use: Potion            |     1 |       |     1 ||     2
  Eat: Bread ration      |       |       |     1 ||     1
Dodge: Dodged            |     5 |     2 |    31 ||    38

Vault maps used:
D:        dungeon_sprint_1

Table legend:
 A = Turns spent in this place as a percentage of turns spent in the entire game.
 B = Non-inter-level travel turns spent in this place as a percentage of non-inter-level travel turns spent in the entire game.
 C = Inter-level travel turns spent in this place as a percentage of turns spent in this place.
 D = Turns resting spent in this place as a percentage of non-inter-level travel turns spent in this place.
 E = Turns spent auto-exploring this place as a percentage of non-inter-level travel turns spent in this place.
 F = Non-inter-level travel turns spent in this place divided by the number of levels of this place that you've seen.
                   A       B       C       D       E      F
               +-------+-------+-------+-------+-------+----------------------
         Total | 100.0 | 100.0 |   0.0 |   7.3 |   0.0 | 260.0
       Dungeon | 100.0 | 100.0 |   0.0 |   7.3 |   0.0 | 260.0
               +-------+-------+-------+-------+-------+----------------------

Table legend:
 A = Kills in this place as a percentage of kills in entire the game.
 B = Kills by you in this place as a percentage of kills by you in the entire game.
 C = Kills by friends in this place as a percentage of kills by friends in the entire game.
 D = Other kills in this place as a percentage of other kills in the entire game.
 E = Experience gained in this place as a percentage of experience gained in the entire game.
 F = Experience gained in this place divided by the number of levels of this place that you have seen.
                   A       B       C       D       E      F
               +-------+-------+-------+-------+-------+----------------------
         Total | 100.0 | 100.0 |  -nan |  -nan | 100.0 | 1743.0
       Dungeon | 100.0 | 100.0 |  -nan |  -nan | 100.0 | 1743.0
               +-------+-------+-------+-------+-------+----------------------
